 Dungeon Crawl Stone Soup version 0.26.1-11-gd32895ea62 (webtiles) character file.

Game seed: 9833068865260751568

77 Almogavar the Shield-Bearer (level 4, -2/29 HPs)
             Began as a Gargoyle Fighter on July 6, 2021.
             Slain by an orc priest
             ... wielding a +0 trident
              (5 damage)
             ... on level 2 of the Dungeon.
             The game lasted 00:02:55 (1700 turns).

Almogavar the Shield-Bearer (Gargoyle Fighter)      Turns: 1700, Time: 00:02:55

Health: -2/29      AC: 11    Str: 20    XL:     4   Next: 33%
Magic:  4/4        EV:  7    Int:  9    God:
Gold:   78         SH:  9    Dex:  9    Spells: 3/3 levels left

rFire    + . .     SeeInvis .   a - +0 flail
rCold    + . .     Faith    .   c - +0 kite shield
rNeg     + . .     Spirit   .   b - +0 scale mail
rPois    ∞         Reflect  .   (no helmet)
rElec    +         Harm     .   (no cloak)
rCorr    +         Rampage  .   (no gloves)
Will     .....                  o - +0 pair of boots
Stlth    ..........             (no amulet)
HPRegen  0.09/turn              h - ring of resist corrosion
MPRegen  0.09/turn              (no ring)

@: resistant
A: negative energy resistance 1, electricity resistance, unbreathing,
petrification resistance, miasma immunity, AC +3
a: no special abilities


You were on level 2 of the Dungeon.
You visited 1 branch of the dungeon, and saw 2 of its levels.

You collected 78 gold pieces.

Inventory:

Hand Weapons
 a - a +0 flail (weapon)
Missiles
 g - 16 bolts
Armour
 b - a +0 scale mail (worn)
 c - a +0 kite shield (worn)
 o - a +0 pair of boots (worn)
Jewellery
 h - a ring of resist corrosion (left hand)
Wands
 i - a wand of flame (20)
Scrolls
 e - 2 scrolls of magic mapping {unknown}
 j - 2 scrolls of remove curse {unknown}
 k - 2 scrolls of teleportation {unknown}
 l - 2 scrolls of identify {unknown}
 n - 2 scrolls of random uselessness {unknown}
Potions
 d - a potion of might
 m - a potion of heal wounds {unknown}


   Skills:
 + Level 3.8 Fighting
 + Level 2.8 Maces & Flails
 + Level 3.7 Armour
 + Level 0.6 Dodging
 + Level 0.3 Stealth
 + Level 3.9 Shields


You had 3 spell levels left.
You didn't know any spells.
Your spell library was empty.

Dungeon Overview and Level Annotations

Branches:
Dungeon (2/15)

Altars:


Innate Abilities, Weirdness & Mutations

You are resistant to torment.
Your stone body is resilient. (AC +3)
You are immune to poison.
You resist negative energy. (rN+)
You are resistant to electric shocks. (rElec)
You can survive without breathing.
You are immune to petrification.
You are immune to miasma.


Message History

You block the orc priest's attack.
The orc wizard hits you but does no damage.
You closely miss the orc wizard.
The orc priest mumbles some strange prayers to Beogh against you.
Beogh smites you! The orc wizard casts a spell at you.
The puff of flame hits you!
* * * LOW HITPOINT WARNING * * *
You barely miss the orc wizard.
The orc priest hits you from afar with a +0 trident.
* * * LOW HITPOINT WARNING * * *
The orc wizard points at you and mumbles some strange words.
You resist with some effort.
The orc priest hits you from afar with a +0 trident.
* * * LOW HITPOINT WARNING * * *
The orc wizard hits you but does no damage.
It was a potion of resistance.
You feel protected.
The orc priest hits you from afar with a +0 trident.
You die...

........ #...##.
........#####..>##.
.!............... ............##.
#o#...##...### #...#..#.### #
####### ###..##....# . ......#
#######....####..# #.
......#######...@ooo##.......# ..
......##......#####.......##.# .#
......#..#########..#####.##.##.#
...........####....## #........
##.#.#####......#### ##........
##.#.# ####..## #### #.........
.....# #### #..# #....†....
...################..# #.........
).)...........)..##..# #.........


You could see an orc priest, an orc wizard and an orc.

Vanquished Creatures
  4 adders (D:2)
  A worm (D:2)
  3 dart slugs
  2 leopard geckos (D:2)
  A ball python (D:1)
  5 bats (D:1)
  A giant cockroach (D:2)
  7 goblins
  A kobold (D:1)
  A frilled lizard (D:1)
  5 rats
31 creatures vanquished.

Vanquished Creatures (others)
  A worm (D:2)
1 creature vanquished.

Grand Total: 32 creatures vanquished

Notes
Turn   | Place    | Note
-------+----------+-------------------------------------------
     0 | D:1      | Almogavar the Gargoyle Fighter began the quest for the Orb.
     0 | D:1      | Reached XP level 1. HP: 14/14 MP: 1/1
     6 | D:1      | Noticed a polar bear
     7 | D:1      | Noticed a wyvern
   345 | D:1      | Reached XP level 2. HP: 17/19 MP: 2/2
  1125 | D:2      | Reached XP level 3. HP: 22/24 MP: 3/3
  1488 | D:2      | Reached XP level 4. HP: 28/29 MP: 4/4
  1700 | D:2      | Slain by an orc priest

Illustrated notes

Levels and vault maps discovered:
D:1:      onia_arrival_zoo_common, layout_basic, nrook_mini_backslash,
          nrook_loot_triangle
D:2:      layout_rooms, lemuel_doored_altar, st_stairs_10, lemuel_old_faithful

Action                   |  1- 3 |  4- 6 || total
-------------------------+-------+-------++-------
Melee: Flail             |   127 |    23 ||   150
  Use: Potion            |       |     1 ||     1
Armor: Scale mail        |    85 |    14 ||    99
Dodge: Dodged            |    47 |     5 ||    52
Block: Kite shield       |    86 |    10 ||    96
